 Dungeon Crawl Stone Soup version 0.23-a0-136-g722f094 (webtiles) character file.

34 GroovyGamera the Firebug (level 3, -2/28 HPs)
             Began as a Demigod Fire Elementalist on Aug 28, 2018.
             Slain by a hobgoblin
             ... wielding a +0 club
              (3 damage)
             ... on level 2 of the Dungeon.
             The game lasted 00:06:52 (787 turns).

GroovyGamera the Firebug (Demigod Fire Elementalist) Turns: 787, Time: 00:06:52

Health: -2/28      AC:  2    Str: 11    XL:     3   Next: 1%
Magic:  0/9        EV: 11    Int: 21    God:
Gold:   57         SH:  4    Dex: 16    Spells: 5/6 levels left

rFire    . . .     SeeInvis .   n - +0 mace
rCold    . . .     Gourm    .   l - +1 buckler
rNeg     . . .     Faith    .   a - +0 robe
rPois    .         Spirit   .   (no helmet)
rElec    .         Reflect  .   (no cloak)
rCorr    .         Harm     .   (no gloves)
MR       .....                  (no boots)
Stlth    ++........             (no amulet)
HPRegen  0.09/turn              (no ring)
MPRegen  0.11/turn              (no ring)

@: no status effects
A: high mp 1
a: no special abilities


You were on level 2 of the Dungeon.
You were not hungry.

You visited 1 branch of the dungeon, and saw 2 of its levels.

You collected 57 gold pieces.

Inventory:

Hand Weapons
 n - a +0 mace (weapon)
Missiles
 b - 20 sling bullets
 i - 14 poisoned needles
Armour
 a - a +0 robe (worn)
 l - a +1 buckler (worn)
Jewellery
 m - an uncursed amulet of rage {unknown}
Comestibles
 c - a ration


   Skills:
 + Level 1.3 Fighting
 - Level 1.7 Dodging
 - Level 1.7 Stealth
 + Level 2.2 Spellcasting
 - Level 0.8 Conjurations
 + Level 3.1 Fire Magic


You had 5 spell levels left.
You knew the following spells:

 Your Spells              Type           Power        Failure   Level  Hunger
a - Flame Tongue          Conj/Fire      ##...        11%         1    #......

Your spell library contained the following spells:

 Spells                   Type           Power        Failure   Level  Hunger
 Throw Flame              Conj/Fire      ##....       16%         2    ##.....
 Conjure Flame            Conj/Fire      ##......     32%         3    ###....
 Inner Flame              Hex/Fire       #.......     36%         3    ###....
 Sticky Flame             Conj/Fire      ##......     71%         4    #####..
 Fireball                 Conj/Fire      ##........   96%         5    ######.


Dungeon Overview and Level Annotations

Branches:
Dungeon (1/15)


Innate Abilities, Weirdness & Mutations

You have an increased reservoir of magic. (+10% MP)


Message History

Aim: a goblin, wielding a dagger The flame tongue hits the goblin.
You kill the goblin!
You have reached level 3!
Your experience leads to a dramatic increase in your attributes!
Your base attributes are Str 11, Int 19, Dex 16.
Increase (S)trength, (I)ntelligence, or (D)exterity?
You feel clever. x2
It was a potion of cancellation.
Your magical effects are unravelling.
You feel magically purged.
You feel a little less agile now. The hobgoblin hits you with a club.
* * * LOW HITPOINT WARNING * * *
As you read the scroll labeled RUECUU LIHELOI, it crumbles to dust.
It is a scroll of enchant armour.
Your +0 buckler glows green for a moment.
The hobgoblin hits you but does no damage.
You hit the hobgoblin but do no damage. The hobgoblin hits you with a club.
You die...

....# . .... ..
...) . ... ..# #..
.... ... ..
.....##.##.#
.....†)††..# #@# .
##g## #. .### #.K.#
.. ... #...#
#.##.#### #...#
#...$...# #...#
#.....#.###.$.####
#.....Z............
#......g...........


You could see a hobgoblin and a kobold.

Vanquished Creatures
  An adder (D:2)
  An adder skeleton (D:2)
  A dart slug (D:2)
  A giant cockroach (D:1)
  2 goblins
  A hobgoblin (D:1)
  4 jackals
  A kobold (D:2)
  3 bats (D:2)
  4 frilled lizards
  A rat (D:1)
20 creatures vanquished.

Notes
Turn   | Place    | Note
-------+----------+-------------------------------------------
     0 | D:1      | GroovyGamera the Demigod Fire Elementalist began the quest
                  | for the Orb.
     0 | D:1      | Reached XP level 1. HP: 14/14 MP: 5/5
   716 | D:1      | You fall through a shaft!
   730 | D:2      | Reached XP level 2. HP: 17/22 MP: 4/7
   749 | D:2      | Reached skill level 3 in Fire Magic
   753 | D:2      | HP: 1/33 [frilled lizard (1)]
   757 | D:2      | Reached skill level 1 in Fighting
   784 | D:2      | Reached XP level 3. HP: 5/28 MP: 0/9
   785 | D:2      | HP: 1/28 [hobgoblin/club (4)]
   787 | D:2      | Slain by a hobgoblin

Vault maps used:
D:1:      dpeg_arrival_long_road
D:2:      serial_glass, glass_columns_c, glass_columns_b

Skill      XL: |  1  2 |
---------------+-------+-----
Spellcasting   | 2 |  2.2
Fire Magic     | 3 |  3.1
Fighting       | 1 |  1.3
Dodging        | |  1.7
Stealth        | |  1.7
Conjurations   | |  0.8

Action                   || total
-------------------------++-------
Melee: Club              ||     3
       Mace              ||    41
 Cast: Flame Tongue      ||    26
  Use: Potion            ||     4
       Scroll            ||     1
Armor: Robe              ||    18
       Skin              ||   110
Dodge: Dodged            ||    60
Block: Buckler           ||    27

Table legend:
 A = Non-vault XP
 B = Vault XP
 C = Vault XP percentage of total XP
 D = Non-vault monster count
 E = Vault monster count
 F = Vault count percentage of total count
                 A         B        C        D         E       F
            +---------+---------+-------+---------+---------+-------
      Total |      49 |       0 |   0.0 |      20 |       0 |   0.0
            +---------+---------+-------+---------+---------+-------
        D:1 |      13 |       0 |   0.0 |       8 |       0 |   0.0
        D:2 |      36 |       0 |   0.0 |      12 |       0 |   0.0
            +---------+---------+-------+---------+---------+-------
